 Dungeon Crawl Stone Soup version 0.26-a0-712-ga5a9c9c9d0 (webtiles) character file.

Game seed: 4336890725671125342

4575 kae the Transmogrifier (level 10, -1/64 HPs)
             Began as an Octopode Transmuter on Nov 5, 2020.
             Was an Elder of Cheibriados.
             Slain by Erolcha
             ... wielding a +5 giant club
              (18 damage)
             ... on level 9 of the Dungeon.
             The game lasted 00:12:48 (11860 turns).

kae the Transmogrifier (Octopode Transmuter)       Turns: 11860, Time: 00:12:49

Health: -1/64      AC:  1    Str: 21    XL:     10   Next: 41%
Magic:  11/16      EV: 16    Int: 26    God:    Cheibriados [****..]
Gold:   531        SH:  0    Dex: 21    Spells: 4/17 levels left

rFire    . . .     SeeInvis .     - Unarmed
rCold    . . .     Faith    .   (shield currently unavailable)
rNeg     + . .     Spirit   .   (helmet restricted)
rPois    +         Reflect  .   (no amulet)
rElec    .         Harm     .   f - ring of positive energy
rCorr    .         Rampage  .   v - ring of flight
MR       .....                  q - ring of poison resistance
Stlth    +++.......             (no ring)
HPRegen  0.20/turn              (no ring)
MPRegen  0.15/turn              (no ring)
                                (no ring)
                                (no ring)

@: blade tentacles, very slow
A: almost no armour, stealthy swim, amphibious, 8 rings, constrict 8, camouflage
1, gelatinous body 1
a: End Transformation, Bend Time, Temporal Distortion, Slouch, Renounce
Religion, Evoke Flight


You were on level 9 of the Dungeon.
You worshipped Cheibriados.
Cheibriados was greatly pleased with you.
You had blades for tentacles.
You visited 2 branches of the dungeon, and saw 10 of its levels.

You collected 630 gold pieces.
You spent 99 gold pieces at shops.

Inventory:

Jewellery
 f - a ring of positive energy (left scythe-like blade)
 o - an uncursed amulet of faith
 q - a ring of poison resistance (on tentacle)
 v - a ring of flight (right scythe-like blade)
 y - an uncursed amulet of regeneration {unknown}
Wands
 t - a wand of iceblast (6)
 u - a wand of digging (6)
 w - a wand of flame (13)
Scrolls
 a - 10 scrolls of remove curse
 c - 2 scrolls of enchant weapon
 k - a scroll of fear
 m - 3 scrolls of teleportation
 n - a scroll of fog
 x - 2 scrolls of identify
 z - a scroll of summoning {unknown}
 A - a scroll of magic mapping
Potions
 b - 2 potions of heal wounds
 d - 5 potions of lignification
 e - a potion of might
 g - a potion of cancellation
 h - 3 potions of stabbing
 i - 3 potions of curing
 j - a potion of haste
 l - 2 potions of flight
 p - a potion of resistance {unknown}
 r - a potion of magic
 s - a potion of mutation {unknown}


   Skills:
 + Level 4.2 Fighting
 + Level 4.6 Dodging
 + Level 8.1 Unarmed Combat
 - Level 4.0 Spellcasting
 * Level 10.8 Transmutations


You had 4 spell levels left.
You knew the following spells:

 Your Spells              Type           Power        Failure   Level
a - Beastly Appendage     Tmut           ######       7%          1
b - Spider Form           Tmut/Pois      ####......   24%         3
c - Blade Hands           Tmut           ######....   24%         5
d - Ice Form              Ice/Tmut       ####....     43%         4

Your spell library contained the following spells:

 Spells                   Type           Power        Failure   Level
 Wereblood                Tmut           ######..     8%          2
 Magic Dart               Conj           #...         43%         1
 Blink                    Tloc           N/A          52%         2
 Call Imp                 Summ           #.......     52%         2
 Slow                     Hex            #.......     52%         2
 Conjure Flame            Conj/Fire      #.......     69%         3
 Mephitic Cloud           Conj/Pois/Air  #.......     69%         3


Dungeon Overview and Level Annotations

Branches:
Dungeon (9/15)             Temple (1/1) D:6
   Lair: D:8-11         Orc: D:9-12

Altars:
Ashenzari
Cheibriados
Dithmenos
Elyvilon
Fedhas
Gozag
Hepliaklqana
Kikubaaqudgha
Makhleb
Nemelex Xobeh
Okawaru
Qazlal
Ru
Sif Muna
Trog
Uskayaw
Vehumet
Wu Jian
Xom
Yredelemnul
Zin
The Shining One

Shops:
D:6 }[*(!   D:9 :

Annotations:
D:9 Erolcha


Innate Abilities, Weirdness & Mutations

You cannot wear most types of armour.
You are very stealthy in the water. (Stealth+)
You are amphibious.
You can wear up to eight rings at the same time.
You can use your tentacles to constrict eight enemies at once.
Your skin changes colour to match your surroundings (Stealth+).
Your rubbery body absorbs attacks. (AC +1, EV +1)


Message History

You suddenly lose the ability to move!
The scorpion stings you!
The scorpion stings you but does no damage.
The scorpion stings you. The scorpion completely misses you.
You can move again.
Unknown command.
Unknown command.
Casting: Blade Hands (dangerous; 2% risk of failure)
Confirm with . or Enter, or press ? or * to list all spells.
Your tentacles turn into razor-sharp scythe blades.
Erolcha barely misses you. The scorpion stings you.
Erolcha hits you with a +5 giant club!!
* * * LOW HITPOINT WARNING * * *
The scorpion barely misses you.
You slice Erolcha!! You slash Erolcha! You squeeze Erolcha, but do no damage.
Erolcha is heavily wounded.
Erolcha screams, "Lunch!"
Erolcha hits you with a +5 giant club!!
You die...

##########.#################..#
...............[..............#
#######.......................#
#..###################..# #..#
#..# #.## #..# ### #..# ######
.##################..# .....#
......s@.............# .>..##
......O..............# ...##
.....................# ####.#
..################.∩.# ..o .
##..# .... #..# #.... #..# ####
#....##################..# ...#
#...o)..................#


You could see Erolcha and a scorpion.

Vanquished Creatures
  A troll (D:7)
  Grinder (D:5)
  Prince Ribbit (D:5)
  Eustachio (D:5)
  2 wyverns
  A wraith (D:9)
  Grum (D:9)
  A water moccasin (D:8)
  A sky beast (D:6)
  A phantom (D:6)
  A black bear (D:7)
  2 orc warriors (D:9)
  4 ogres
  2 wolves (D:9)
  2 centaurs
  2 big kobolds
  5 bullfrogs
  A water moccasin zombie (D:9)
  A scorpion (D:4)
  4 killer bees (D:8)
  3 wights (D:7)
  3 howler monkeys (D:9)
  5 hounds
  Crazy Yiuf (D:6)
  7 orc priests
  A bullfrog skeleton (D:5)
  An iguana (D:4)
  8 orc wizards
  2 hound skeletons
  A worker ant zombie (D:3)
  9 adders
  4 gnolls
  2 howler monkey skeletons (D:8)
  A shadow imp (D:8)
  2 white imps
  An ufetubus (D:9)
  An ooze (D:2)
  An adder zombie (D:9)
  3 adder skeletons
  3 worms
  2 dart slugs
  4 leopard geckos
  43 orcs
  10 giant cockroaches
  9 goblins
  6 hobgoblins
  3 jackals (D:3)
  10 kobolds
  10 quokkas
  11 bats
  5 frilled lizards
  A leopard gecko skeleton (D:4)
  A quokka zombie (D:6)
  7 rats
216 creatures vanquished.

Notes
Turn   | Place    | Note
-------+----------+-------------------------------------------
     0 | D:1      | kae the Octopode Transmuter began the quest for the Orb.
     0 | D:1      | Reached XP level 1. HP: 13/13 MP: 3/3
   168 | D:1      | Reached XP level 2. HP: 18/18 MP: 3/5
   383 | D:1      | Reached XP level 3. HP: 17/23 MP: 4/6
   388 | D:1      | Learned a level 3 spell: Spider Form
  1048 | D:2      | Reached skill level 3 in Transmutations
  1560 | D:2      | Reached XP level 4. HP: 26/28 MP: 5/7
  2304 | D:2      | Found a sacrificial altar of Ru.
  2646 | D:3      | Found a burning altar of Makhleb.
  2699 | D:3      | Reached XP level 5. HP: 18/33 MP: 7/9
  2701 | D:3      | Reached skill level 4 in Transmutations
  3651 | D:4      | Learned a level 5 spell: Blade Hands
  3681 | D:4      | Reached XP level 6. HP: 37/38 MP: 6/10
  3818 | D:4      | Reached skill level 5 in Transmutations
  3840 | D:4      | Found a sacrificial altar of Ru.
  4507 | D:4      | Reached XP level 7. HP: 17/43 MP: 7/11
  4865 | D:5      | Entered Level 5 of the Dungeon
  4866 | D:5      | Noticed Prince Ribbit
  4881 | D:5      | Killed Prince Ribbit
  4881 | D:5      | Reached skill level 5 in Unarmed Combat
  4881 | D:5      | Reached skill level 6 in Transmutations
  5178 | D:5      | Found a blossoming altar of Fedhas.
  5240 | D:5      | Noticed Grinder
  5243 | D:5      | Paralysed by Grinder for 2 turns
  5265 | D:5      | Paralysed by Grinder for 7 turns
  5273 | D:5      | Killed Grinder
  5273 | D:5      | Reached skill level 7 in Transmutations
  5273 | D:5      | Reached XP level 8. HP: 48/48 MP: 12/12
  5315 | D:5      | Noticed Eustachio
  5584 | D:5      | Killed Eustachio
  5877 | D:6      | Reached skill level 8 in Transmutations
  6132 | D:6      | Found Bedwam's General Store.
  6179 | D:6      | Found a runed translucent door.
  6180 | D:6      | Noticed Crazy Yiuf
  6190 | D:6      | Found a staircase to the Ecumenical Temple.
  6218 | Temple   | Entered the Ecumenical Temple
  6424 | Temple   | Became a worshipper of Cheibriados the Contemplative
  6748 | D:6      | Found a shadowy altar of Dithmenos.
  7128 | D:6      | Found Roepulo's Weapon Emporium.
  7163 | D:6      | Found Vettonle's Armour Emporium.
  7171 | D:6      | Found Picaj's Gadget Shoppe.
  7272 | D:6      | Found Toalam's Distillery.
  7280 | D:6      | Bought a potion of lignification for 33 gold pieces
  7280 | D:6      | Bought a potion of lignification for 33 gold pieces
  7280 | D:6      | Bought a potion of lignification for 33 gold pieces
  7389 | D:6      | Killed Crazy Yiuf
  7659 | D:7      | Reached skill level 9 in Transmutations
  7664 | D:7      | Reached XP level 9. HP: 22/53 MP: 9/13
  7965 | D:7      | Reached * piety under Cheibriados
  8587 | D:7      | Found a sparkling altar of Nemelex Xobeh.
  8637 | D:7      | Noticed a troll
  8645 | D:7      | Killed a troll
  8827 | D:7      | Found a glowing golden altar of the Shining One.
  9305 | D:8      | Reached ** piety under Cheibriados
  9542 | D:8      | Reached skill level 10 in Transmutations
  9735 | D:8      | Learned a level 4 spell: Ice Form
 10038 | D:8      | Found a radiant altar of Vehumet.
 10039 | D:8      | Found a bloodstained altar of Trog.
 10039 | D:8      | Found a white marble altar of Elyvilon.
 10039 | D:8      | Found an ornate altar of the Wu Jian Council.
 10356 | D:9      | Reached XP level 10. HP: 58/63 MP: 10/15
 10356 | D:9      | Noticed Grum
 10360 | D:9      | Reached *** piety under Cheibriados
 10366 | D:9      | Killed Grum
 10615 | D:9      | Found Tumadd's Book Shoppe.
 11445 | D:9      | Noticed Erolcha
 11452 | D:9      | Reached **** piety under Cheibriados
 11851 | D:9      | Paralysed by Erolcha for 7 turns
 11860 | D:9      | Slain by Erolcha

Illustrated notes

Levels and vault maps discovered:
D:1:      dpeg_arrival_signposts, layout_loops_ring
D:2:      minmay_spotlight, layout_basic, nicolae_ru_the_path_less_chosen
D:3:      layout_loops_ring, lightli_temple_of_fire
D:4:      layout_basic, lemuel_round_altar, serial_glass, glass_columns_a,
          glass_columns_c, st_stairs_13
D:5:      layout_cave_pools, nicolae_overflow_crystal_walls,
          uniq_prince_ribbit1, uniq_eustachio, uniq_grinder
D:6:      layout_loops_cross, minmay_temple_entry_junction, serial_shops, shop,
          kennysheep_little_box, shop, shop, shop, grunt_dithmenos_shadows,
          uniq_crazy_yiuf_cottage
D:7:      layout_basic, old_standard_altar, minmay_crystal_room, tso_metal_star
D:8:      layout_loops_corners, chequers_temple_overflow_statue_of_worship,
          minmay_starry_boxes
D:9:      layout_long_grid, hiddenorc1_lemuel, serial_shops, shop, uniq_grum,
          uniq_erolcha
Temple:   oiseaux_autumnal_temple

Skill      XL: |  1  2  3  4  5  6  7  8  9 10 |
---------------+-------------------------------+-----
Transmutations | 3 4 5 7 9 10 | 10.8
Spellcasting   | 3 4 |  4.0
Unarmed Combat | 4 5 6 7 8 |  8.1
Fighting       | 3 4 |  4.2
Dodging        | 3 4 |  4.6

Action                   |  1- 3 |  4- 6 |  7- 9 | 10-12 || total
-------------------------+-------+-------+-------+-------++-------
Melee: Unarmed           |    67 |   141 |   260 |    74 ||   542
       Constrict         |    17 |    34 |    24 |    12 ||    87
       Kick              |    10 |    28 |     9 |       ||    47
       Punch             |     2 |     4 |     8 |     7 ||    21
       Tentacles         |     9 |    23 |    23 |    19 ||    74
 Cast: Beastly Appendage |    18 |    30 |     9 |       ||    57
       Spider Form       |       |     4 |    23 |       ||    27
       Blade Hands       |       |       |     7 |    13 ||    20
 Abil: End Transformatio |       |       |     1 |       ||     1
  Use: Scroll            |     7 |     5 |     8 |     1 ||    21
       Potion            |       |     1 |     6 |     1 ||     8
 Stab: Sleeping          |     5 |     6 |     5 |       ||    16
       Distracted        |       |       |       |     1 ||     1
Armor: Skin              |     2 |    13 |    38 |     2 ||    55
Dodge: Dodged            |    32 |    95 |   180 |    70 ||   377

Table legend: (Time is in decaauts)
 A = Elapsed time spent in this place.
 B = Non-inter-level travel time spent in this place.
 C = Inter-level travel time spent in this place.
 D = Time resting spent in this place.
 E = Time spent auto-exploring this place.
 F = Levels seen in this place.
 G = Mean time per level.
                   A        B        C        D        E       F      G
               +--------+--------+--------+--------+--------+-----+--------+
         Total |  12999 |  12598 |    401 |   1314 |   9712 |  10 | 1299.9 |
       Dungeon |  12771 |  12405 |    366 |   1314 |   9520 |   9 | 1419.0 |
        Temple |    228 |    193 |     35 |      0 |    192 |   1 |  228.0 |
               +--------+--------+--------+--------+--------+-----+--------+

Top non-repeatable levels by time:
     D:8: 1910 daAuts
     D:9: 1780 daAuts
     D:7: 1729 daAuts
     D:6: 1546 daAuts
     D:2: 1381 daAuts
     D:3: 1240 daAuts
     D:4: 1217 daAuts
     D:1: 1010 daAuts
     D:5: 954 daAuts
  Temple: 228 daAuts
